AoeStats
← CARACODUENDE

Arena

510190716Analyzed
4v4 RM · 14h ago on Sep 29, 2026· 51m 31s· 8 players
Game mode
Random Map
Map size
Large (8 player)
Population
200
Speed
Normal
Resources
Standard
Victory
Conquest
Starting age
Dark Age
Ending age
Imperial Age
RankedLock teamsTeams togetherTeam positionsShared explorationLock speedFull tech treeHidden civsTurbo modeCheats
Victory
Defeat
🇸🇪 Hindustanis · Sweden
1267
+13
🇬🇧 Mapuche · United Kingdom
1260
+13
🇨🇱 Vietnamese · Chile
1233
+14
🇹🇷 Poles · Türkiye
1202
+14
🇨🇴 Persians · Colombia
1229
-15
🇲🇽 Romans · Mexico
1204
-14
🇺🇸 Byzantines · United States
1177
-13
🇨🇴 Burmese · Colombia
1146
-12
fabrogtz
11:36 Feudal Age
15:34 Castle Age
13:55 Horse Collar
14:01 Double-Bit Axe
16:33 Heavy Plow
16:45 Bow Saw
17:06 Loom
22:37 Gold Mining
23:35 Wheelbarrow
24:43 Gold Shaft Mining
25:07 Hand Cart
25:26 Stone Mining
28:57 Imperial Age
27:45 Man-at-Arms
28:25 Squires
28:37 Forging
28:28 Scale Mail Armor
28:50 Long Swordsman
29:38 Heavy Scorpion
31:24 Chemistry
29:52 Legionary
31:46 Siege Engineers
32:41 Chemistry
33:06 Ballistics
33:22 Chain Mail Armor
33:42 Iron Casting
33:20 Ballistas
33:37 Conscription
33:37 Comitatenses
32:44 Pikeman
33:36 Halberdier
37:39 Blast Furnace
36:29 Fletching
36:40 Padded Archer Armor
36:02 Elite Skirmisher
37:31 Fortified Wall
37:32 Masonry
37:19 Murder Holes
41:39 Bodkin Arrow
41:59 Leather Archer Armor
44:46 Crop Rotation
46:38 Ring Archer Armor
Bandit
3:19 Loom
10:52 Feudal Age
11:24 Double-Bit Axe
11:22 Horse Collar
17:00 Castle Age
15:09 Gold Mining
16:02 Stone Mining
18:38 Heavy Plow
20:33 Pikeman
22:11 Forging
22:25 Scale Mail Armor
23:07 Squires
24:07 Wheelbarrow
25:02 Bow Saw
28:06 Imperial Age
26:23 Fletching
28:26 Bodkin Arrow
30:09 Chemistry
30:14 Scale Barding Armor
29:46 Elite Skirmisher
32:08 Padded Archer Armor
32:49 Thumb Ring
33:55 Leather Archer Armor
CTM | Kiara
10:58 Feudal Age
9:14 Loom
14:49 Castle Age
13:18 Double-Bit Axe
13:48 Horse Collar
15:40 Bow Saw
15:31 Heavy Plow
21:48 Wheelbarrow
23:19 Gold Mining
23:20 Stone Mining
24:52 Hand Cart
26:34 Gold Shaft Mining
26:45 Stone Shaft Mining
27:15 Town Watch
31:04 Imperial Age
28:41 Scale Barding Armor
28:47 Forging
30:49 Chain Barding Armor
31:05 Iron Casting
30:44 Bloodlines
30:36 Husbandry
32:09 Plate Barding Armor
30:58 Elite War Elephant
31:59 Conscription
31:52 Town Patrol
32:08 Kamandaran
32:58 Devotion
33:06 Devotion
34:19 Two-Man Saw
33:52 Crop Rotation
34:46 Blast Furnace
34:55 Faith
38:37 Fletching
38:48 Padded Archer Armor
39:19 Bodkin Arrow
40:12 Thumb Ring
39:27 Crossbowman
40:34 Citadels
42:21 Leather Archer Armor
Guerreromix1
11:59 Feudal Age
13:42 Loom
16:17 Castle Age
15:19 Horse Collar
15:36 Stone Mining
24:45 Husbandry
25:43 Heavy Plow
29:42 Wheelbarrow
28:54 Town Watch
31:29 Forging
31:25 Scale Barding Armor
31:56 Bloodlines
33:17 Masonry
32:47 Treadmill Crane
33:28 Ballistics
33:05 Murder Holes
33:20 Fortified Wall
37:34 Iron Casting
37:31 Hand Cart
40:02 Scale Mail Armor
40:35 Squires
40:21 Gambesons
40:21 Arson
43:22 Imperial Age
40:30 Pikeman
43:47 Manipur Cavalry
44:29 Conscription
44:11 Howdah
43:37 Halberdier
McLagan
11:00 Feudal Age
14:36 Castle Age
12:33 Double-Bit Axe
14:23 Horse Collar
15:36 Bow Saw
16:05 Town Watch
16:32 Heavy Plow
23:02 Wheelbarrow
23:34 Gold Mining
28:05 Imperial Age
26:14 Ballistics
26:41 Gold Shaft Mining
25:57 Stone Mining
26:36 Hand Cart
26:24 Loom
26:41 Padded Archer Armor
26:31 Fletching
27:38 Leather Archer Armor
28:03 Town Patrol
28:01 Bodkin Arrow
29:42 Ring Archer Armor
31:46 Chemistry
30:29 Capped Ram
30:52 Elite Bolas Rider
33:34 Crop Rotation
33:46 Stone Shaft Mining
34:03 Pikeman
35:08 Scale Mail Armor
35:18 Forging
34:55 Halberdier
36:42 Chain Mail Armor
37:31 Conscription
37:18 Butalmapu
37:16 Malon
37:45 Murder Holes
37:56 Siege Engineers
38:01 Masonry
38:42 Plate Mail Armor
38:47 Iron Casting
41:05 Hoardings
42:00 Arson
44:37 Blast Furnace
45:49 Elite Kona
49:02 Spies/Treason
CARACODUENDE
10:29 Feudal Age
14:12 Castle Age
12:35 Double-Bit Axe
12:55 Horse Collar
15:09 Bow Saw
17:15 Heavy Plow
19:01 Wheelbarrow
20:55 Town Watch
21:33 Hand Cart
27:19 Imperial Age
24:36 Loom
27:09 Gold Mining
27:10 Stone Mining
26:53 Crossbowman
27:26 Fletching
28:59 Chemistry
28:00 Arbalester
30:08 Bodkin Arrow
32:58 Padded Archer Armor
32:59 Bracer
36:14 Stone Shaft Mining
35:58 Leather Archer Armor
38:06 Thumb Ring
38:46 Ballistics
39:17 Ring Archer Armor
41:56 Onager
zeyrek
11:15 Feudal Age
15:24 Castle Age
13:50 Loom
13:52 Double-Bit Axe
13:48 Horse Collar
16:35 Bow Saw
17:05 Wheelbarrow
16:31 Heavy Plow
21:49 Hand Cart
22:03 Town Watch
23:56 Gold Mining
23:57 Stone Mining
27:56 Imperial Age
26:58 Scale Barding Armor
27:03 Forging
28:27 Bloodlines
28:17 Husbandry
28:23 Szlachta Privileges
28:56 Chain Barding Armor
29:12 Iron Casting
30:08 Cavalier
30:41 Treadmill Crane
33:03 Blast Furnace
31:47 Light Cavalry
32:17 Fletching
33:16 Conscription
36:57 Crop Rotation
43:16 Scale Mail Armor
44:06 Winged Hussar
45:08 Lechitic Legacy
49:31 Spies/Treason
NightguyZ
2:23 Loom
3:46 Loom
11:45 Feudal Age
17:13 Castle Age
15:15 Double-Bit Axe
15:18 Horse Collar
16:50 Wheelbarrow
17:28 Stone Mining
17:29 Gold Mining
19:59 Bow Saw
20:14 Heavy Plow
24:06 Gold Mining
24:15 Stone Mining
28:11 Bloodlines
28:01 Husbandry
28:38 Hand Cart
28:08 Town Watch
28:48 Light Cavalry
29:31 Padded Archer Armor
29:38 Scale Barding Armor
29:44 Forging
30:12 Town Patrol
31:09 Chain Barding Armor
33:42 Imperial Age
32:19 Masonry
32:55 Iron Casting
34:01 Grand Trunk Road
34:04 Heavy Camel Rider
34:22 Hussar
35:50 Plate Barding Armor
36:34 Coinage
35:51 Imperial Camel Rider
38:59 Conscription
41:26 Two-Man Saw
41:33 Redemption
41:00 Siege Elephant
44:45 Blast Furnace
43:46 Padded Archer Armor
43:37 Fletching
43:47 Scale Mail Armor
45:24 Elite Ghulam
46:40 Hoardings
Connection lost

Rejoining the realm…

Still unreachable

The connection could not be restored.

Session expired

The server has moved on; the page needs a fresh start.